 Dungeon Crawl Stone Soup version 0.25.1-2-g60ff931df9 (webtiles) character file.

Game seed: 8271130107315277244

138 happimess the Conjurer (level 5, -1/31 HPs)
             Began as an Octopode Conjurer on Oct 15, 2020.
             Slain by an iguana (13 damage)
             ... on level 5 of the Dungeon on Oct 16, 2020.
             The game lasted 00:11:54 (2625 turns).

happimess the Conjurer (Octopode Conjurer)          Turns: 2625, Time: 00:11:55

Health: -1/31      AC:  1    Str:  7    XL:     5   Next: 21%
Magic:  6/8        EV: 13    Int: 19    God:
Gold:   86         SH:  0    Dex: 12    Spells: 2/8 levels left

rFire    + . .     SeeInvis .   e - +4 dagger
rCold    . . .     Gourm    .   (no shield)
rNeg     . . .     Faith    .   (helmet restricted)
rPois    .         Spirit   .   o - amulet of regeneration
rElec    .         Reflect  .   g - ring of protection from fire
rCorr    .         Harm     .   (no ring)
MR       .....                  (no ring)
Stlth    +++.......             (no ring)
HPRegen  0.50/turn              (no ring)
MPRegen  0.11/turn              (no ring)
                                (no ring)
                                (no ring)

@: no status effects
A: almost no armour, stealthy swim, amphibious, 8 rings, constrict 8, camouflage
1, gelatinous body 1
a: no special abilities


You were on level 5 of the Dungeon.
You were not hungry.

You visited 1 branch of the dungeon, and saw 5 of its levels.

You collected 86 gold pieces.

Inventory:

Hand Weapons
 d - a +0 dagger
 e - a +4 dagger (weapon)
Jewellery
 g - a ring of protection from fire (left tentacle)
 j - an uncursed amulet of the acrobat
 o - an amulet of regeneration (around mantle)
Wands
 q - a wand of enslavement (6)
Scrolls
 a - a scroll of fear {unknown}
 c - 3 scrolls of identify
 f - 2 scrolls of remove curse
 h - 2 scrolls of enchant armour {unknown}
 l - 2 scrolls of magic mapping {unknown}
Potions
 i - a potion of lignification {unknown}
 k - 2 potions of curing {unknown}
 m - 3 potions of invisibility
 n - a potion of brilliance {unknown}
Comestibles
 b - 6 rations
 p - 4 chunks of flesh


   Skills:
 - Level 2.0 Dodging
 - Level 2.6 Stealth
 - Level 2.0 Spellcasting
 + Level 6.0 Conjurations
 + Level 1.6 Hexes


You had 2 spell levels left.
You knew the following spells:

 Your Spells              Type           Power        Failure   Level  Hunger
a - Magic Dart            Conj           ###.         1%          1    #......
b - Searing Ray           Conj           ###...       2%          2    ###....
c - Dazzling Flash        Conj/Hex       ###...       11%         3    ###....

Your spell library contained the following spells:

 Spells                   Type           Power        Failure   Level  Hunger
 Fulminant Prism          Conj/Hex       ###.......   34%         4    #####..
 Iskenderun's Mystic Bla  Conj/Tloc      ##......     43%         4    #####..


Dungeon Overview and Level Annotations

Branches:
Dungeon (5/15)
 Temple: D:4-7

Altars:
Ashenzari
Gozag
Ru
Yredelemnul
Zin


Innate Abilities, Weirdness & Mutations

You cannot wear most types of armour.
You are very stealthy in the water. (Stealth+)
You are amphibious.
You can wear up to eight rings at the same time.
You can use your tentacles to constrict eight enemies at once.
Your skin changes colour to match your surroundings (Stealth+).
Your rubbery body absorbs attacks. (AC +1, EV +1)


Message History

There is a stone staircase leading up here.
You start resting.
Magic restored.
You climb upwards.
The iguana bites you!
An orc comes into view. It is wielding a -3 short sword.
The iguana misses you.
There is a stone staircase leading down, spattered with blood here.
The iguana bites you!
You climb downwards.
There is a stone staircase leading up here.
Casting: Magic Dart (safe; 1% risk of failure)
Confirm with . or Enter, or press ? or * to list all spells.
Aiming: Searing Ray (safe; 2% risk of failure)
Press: ? - help, Shift-Dir - straight line, f - iguana
Aim: an iguana The searing ray hits the iguana.
The iguana is moderately wounded. (Press . to maintain the ray.)
The iguana bites you!
You die...

..# ..
#.......# ..#
...
#.......######
..# ...
#............#
..####
#...##..##...#
#....#
######..# .#
#....+ #...##
#....# #....#
#....####
##..l#
###.....#
#.@## #.....#
#..# #.....+
#..# #.....#
#..# #.....#
+..# #.....#
##+# ...#+###
.... ....


You could see an iguana.

Vanquished Creatures
  Terence (D:2)
  A worker ant zombie (D:2)
  Robin (D:2)
  An adder (D:2)
  A dart slug (D:1)
  5 worms
  3 leopard geckos
  An orc (D:3)
  8 bats
  8 hobgoblins
  A quokka (D:2)
  2 ball pythons
  10 frilled lizards
  13 goblins
  3 kobolds
  8 rats
67 creatures vanquished.

Notes
Turn   | Place    | Note
-------+----------+-------------------------------------------
     0 | D:1      | happimess the Octopode Conjurer began the quest for the
                  | Orb.
     0 | D:1      | Reached XP level 1. HP: 11/11 MP: 3/3
   156 | D:1      | Reached XP level 2. HP: 17/17 MP: 1/5
   160 | D:1      | Learned a level 2 spell: Searing Ray
   869 | D:2      | Reached skill level 5 in Conjurations
   869 | D:2      | Reached XP level 3. HP: 16/21 MP: 2/6
   877 | D:2      | Noticed Robin
   895 | D:2      | Killed Robin
  1261 | D:2      | Reached XP level 4. HP: 27/27 MP: 7/7
  1435 | D:2      | Learned a level 3 spell: Dazzling Flash
  1860 | D:2      | Noticed Terence
  1929 | D:2      | Killed Terence
  1929 | D:2      | Reached skill level 1 in Hexes
  1929 | D:2      | Reached XP level 5. HP: 31/31 MP: 4/8
  2035 | D:2      | Found a shattered altar of Ashenzari.
  2359 | D:3      | Found a sacrificial altar of Ru.
  2359 | D:3      | Found a basalt altar of Yredelemnul.
  2364 | D:3      | Found an opulent altar of Gozag.
  2366 | D:3      | Found a faded altar of an unknown god.
  2369 | D:3      | Reached skill level 6 in Conjurations
  2370 | D:3      | Found a glowing silver altar of Zin.
  2444 | D:3      | You fall into a shaft and drop 2 floors!
  2444 | D:5      | Entered Level 5 of the Dungeon
  2589 | D:4      | Noticed an ogre
  2625 | D:5      | Slain by an iguana

Illustrated notes

Levels and vault maps discovered:
D:1:      scummos_arrival_hexagon, layout_rooms, ebering_dispersal_statue_hall,
          chequers_serial_rivers_small_3
D:2:      layout_basic, ashenzari_altar_1, uniq_terence, uniq_robin
D:3:      minmay_angry_zag, layout_loops_ring,
          chequers_temple_overflow_minitemple, serial_glass, glass_columns_b,
          glass_columns_a, glass_columns_a, glass_columns_b, glass_columns_b,
          glass_columns_c, tso_altar
D:4:      layout_cave_pools
D:5:      layout_gridville, minmay_temple_entry_large_hall,
          gammafunk_ghost_split, first_ration, hangedman_ru_absence

Skill      XL: |  1  2  3  4  5 |
---------------+----------------+-----
Conjurations   | 5 6 |  6.0
Hexes          | 1 |  1.6
Dodging        | |  2.0
Stealth        | |  2.6
Spellcasting   | |  2.0

Action                   |  1- 3 |  4- 6 || total
-------------------------+-------+-------++-------
Melee: Unarmed           |     5 |       ||     5
       Constrict         |    10 |     4 ||    14
       Dagger            |    33 |    14 ||    47
       Tentacles         |     2 |     1 ||     3
 Cast: Magic Dart        |    29 |    40 ||    69
       Searing Ray       |     6 |     9 ||    15
  Use: Scroll            |     1 |     1 ||     2
       Potion            |     1 |       ||     1
 Stab: Sleeping          |     2 |     1 ||     3
       Invisible         |     1 |       ||     1
  Eat: Chunk             |     1 |     6 ||     7
Armor: Skin              |     5 |     1 ||     6
Dodge: Dodged            |    31 |     8 ||    39
